 Dungeon Crawl Stone Soup version 0.24.0-37-gcf1ca852f1 (webtiles) character file.

Game seed: 16156179875828701860, levelgen mode: deterministic

1103 Gabide the Stinger (level 8, 0/60 HPs)
             Began as a Gnoll Wanderer on Nov 20, 2019.
             Was a Believer of Fedhas.
             Slain by a water moccasin skeleton (7 damage)
             ... on level 6 of the Dungeon on Dec 4, 2019.
             The game lasted 00:33:15 (5631 turns).

Gabide the Stinger (Gnoll Wanderer)                 Turns: 5631, Time: 00:33:16

Health: 0/60       AC:  0    Str: 15    XL:     8   Next: 32%
Magic:  7/16       EV: 14    Int: 18    God:    Fedhas [**....]
Gold:   287        SH:  0    Dex: 13    Spells: 14/18 levels left

rFire    . . .     SeeInvis .   u - staff of conjuration (curse)
rCold    . . .     Gourm    .   (no shield)
rNeg     . . .     Faith    .   d - +0 robe
rPois    .         Spirit   .   n - +0 helmet
rElec    .         Reflect  .   F - +0 cloak
rCorr    .         Harm     .   (no gloves)
MR       +....                  (no boots)
Stlth    ++........             (no amulet)
HPRegen  0.20/turn              h - ring of protection from magic
MPRegen  0.15/turn              y - +3 ring of protection

@: corroded
A: distributed training, fangs 1, strong nose
a: Wall of Briars, Renounce Religion


You were on level 6 of the Dungeon.
You worshipped Fedhas.
Fedhas was pleased with you.
You were hungry.

You visited 1 branch of the dungeon, and saw 6 of its levels.

You collected 287 gold pieces.

Inventory:

Hand Weapons
 a - a +3 dagger
 E - a +4 quarterstaff of chaos
Missiles
 j - 6 boomerangs (quivered)
Armour
 d - a +0 robe (worn)
 e - a scarf of cloud immunity
 n - a +0 helmet (worn)
 F - a +0 cloak (worn)
Magical Staves
 u - a cursed staff of conjuration (weapon)
Jewellery
 g - an uncursed amulet of the gourmand
 h - a ring of protection from magic (left hand)
 k - a cursed amulet of the gourmand
 x - an uncursed ring of poison resistance
 y - a +3 ring of protection (right hand)
 A - an uncursed amulet of magic regeneration
Wands
 o - a wand of acid (3)
 r - a wand of flame (14)
 t - a wand of random effects (20)
 B - a wand of paralysis (5)
Scrolls
 q - 3 scrolls of remove curse
 v - a scroll of magic mapping
 w - a scroll of teleportation
Potions
 b - a potion of haste
 c - a potion of invisibility {unknown}
 i - 2 potions of resistance {unknown}
 l - a potion of magic {unknown}
 m - 2 potions of curing
 p - 2 potions of might {unknown}
 s - a potion of heal wounds {unknown}
 z - 3 potions of brilliance {unknown}
Comestibles
 f - 10 rations


   Skills:
 + Level 4.1 Fighting
 + Level 3.1 Short Blades
 + Level 3.1 Long Blades
 + Level 3.1 Axes
 + Level 3.1 Maces & Flails
 + Level 3.1 Polearms
 + Level 3.1 Staves
 + Level 3.1 Slings
 + Level 3.1 Bows
 + Level 3.1 Crossbows
 + Level 3.1 Throwing
 + Level 3.1 Armour
 + Level 4.1 Dodging
 + Level 3.9 Stealth
 + Level 4.1 Shields
 + Level 3.1 Unarmed Combat
 + Level 5.9 Spellcasting
 + Level 2.5 Conjurations
 + Level 2.5 Hexes
 + Level 2.5 Charms
 + Level 2.5 Summonings
 + Level 2.5 Necromancy
 + Level 2.5 Translocations
 + Level 2.5 Transmutations
 + Level 2.5 Fire Magic
 + Level 2.5 Ice Magic
 + Level 2.5 Air Magic
 + Level 2.5 Earth Magic
 + Level 6.0 Poison Magic
 + Level 3.4 Invocations
 + Level 4.1 Evocations


You had 14 spell levels left.
You knew the following spells:

 Your Spells              Type           Power        Failure   Level  Hunger
a - Sting                 Conj/Pois      ####         1%          1    None
b - Ignite Poison         Fire/Tmut/Pois ###.....     8%          3    ##.....

Your spell library contained the following spells:

 Spells                   Type           Power        Failure   Level  Hunger


Dungeon Overview and Level Annotations

Branches:
Dungeon (6/15)             Temple (0/1) D:5

Altars:
Elyvilon
Fedhas
Vehumet
Xom


Innate Abilities, Weirdness & Mutations

Your experience applies equally to all skills.
You have very sharp teeth.
Your uncanny sense of smell can sniff out nearby items.


Message History

* * * LOW HITPOINT WARNING * * *
Unknown command.
Aiming: Corrosive Bolt
Press: ? - help, Shift-Dir - straight line, f/p - water moccasin skeleton
Aim: a water moccasin skeleton (moderately damaged)
The bolt of acid hits the water moccasin skeleton!
The water moccasin skeleton is splashed with acid.
The acid corrodes the water moccasin skeleton!
The water moccasin skeleton is almost destroyed.
The bolt of acid hits the jelly.
The jelly completely resists.
The jelly is heavily wounded.
The water moccasin skeleton closely misses you.
The water moccasin skeleton bites you.
* * * LOW HITPOINT WARNING * * *
Aiming: Paralyse
Press: ? - help, Shift-Dir - straight line, f - jelly, p - water moccasin skeleton
Aim: a jelly (heavily wounded, chance to defeat MR: 67%)
The jelly suddenly stops moving!
The water moccasin skeleton bites you!
You die...
Fedhas appreciates your contribution to the ecosystem.

#### ### ..# ..#
. #.###.##.. ..
.#######.......#
# .............(
..
..........#.##
.......@Z....# .
........J(...# .
.............###
...............#
#########'##(###
#....#######
###........#
#......>.#
#........#


You could see a jelly (paralysed) and a water moccasin skeleton.

Vanquished Creatures
  A hornet (D:5)
  Grinder (D:4)
  An ogre (D:4)
  2 orc priests (D:3)
  Crazy Yiuf (D:5)
  2 jellies (D:4)
  3 orc wizards
  Ijyb (D:4)
  Natasha (twice) (D:2)
  Terence (D:2)
  2 worker ants
  A hound zombie (D:5)
  Robin (D:4)
  6 adders
  A shadow imp (D:5)
  4 oozes
  3 worms
  4 dart slugs
  A leopard gecko (D:2)
  21 orcs
  2 ball pythons
  4 bats
  5 giant cockroaches
  15 goblins
  9 hobgoblins
  2 iguanas
  3 jackals (D:3)
  7 kobolds
  A quokka (D:5)
  A ball python skeleton (D:4)
  3 frilled lizards
  A leopard gecko zombie (D:5)
  4 rats
116 creatures vanquished.

Notes
Turn   | Place    | Note
-------+----------+-------------------------------------------
     0 | D:1      | Gabide the Gnoll Wanderer began the quest for the Orb.
     0 | D:1      | Gabide set off with the following items: a +2 dagger, a
                  | potion of haste, a +0 robe, a ration; and the following
                  | spell memorised: Sting; and the following spells available
                  | to memorise: Ignite Poison
     0 | D:1      | Reached XP level 1. HP: 17/17 MP: 6/6
   543 | D:1      | Reached XP level 2. HP: 23/23 MP: 5/7
  1012 | D:2      | Noticed Terence
  1019 | D:2      | Killed Terence
  1019 | D:2      | Reached skill level 5 in Spellcasting
  1019 | D:2      | Reached skill level 1 in Invocations
  1019 | D:2      | Reached XP level 3. HP: 16/28 MP: 2/9
  1127 | D:2      | Noticed Natasha
  1134 | D:2      | Killed Natasha
  1134 | D:2      | Reached skill level 1 in Short Blades
  1134 | D:2      | Reached skill level 1 in Long Blades
  1134 | D:2      | Reached skill level 1 in Axes
  1134 | D:2      | Reached skill level 1 in Maces & Flails
  1134 | D:2      | Reached skill level 1 in Polearms
  1134 | D:2      | Reached skill level 1 in Staves
  1134 | D:2      | Reached skill level 1 in Slings
  1134 | D:2      | Reached skill level 1 in Bows
  1134 | D:2      | Reached skill level 1 in Crossbows
  1134 | D:2      | Reached skill level 1 in Throwing
  1134 | D:2      | Reached skill level 1 in Armour
  1134 | D:2      | Reached skill level 1 in Unarmed Combat
  1134 | D:2      | Reached XP level 4. HP: 23/34 MP: 4/11
  1274 | D:2      | Found a blossoming altar of Fedhas.
  1331 | D:2      | Became a worshipper of Fedhas Madash
  1394 | D:2      | Reached skill level 1 in Conjurations
  1394 | D:2      | Reached skill level 1 in Hexes
  1394 | D:2      | Reached skill level 1 in Charms
  1394 | D:2      | Reached skill level 1 in Summonings
  1394 | D:2      | Reached skill level 1 in Necromancy
  1394 | D:2      | Reached skill level 1 in Translocations
  1394 | D:2      | Reached skill level 1 in Transmutations
  1394 | D:2      | Reached skill level 1 in Fire Magic
  1394 | D:2      | Reached skill level 1 in Ice Magic
  1394 | D:2      | Reached skill level 1 in Air Magic
  1394 | D:2      | Reached skill level 1 in Earth Magic
  1601 | D:2      | Noticed Natasha
  1625 | D:2      | Killed Natasha
  1625 | D:2      | Reached XP level 5. HP: 25/40 MP: 5/12
  1985 | D:3      | Reached XP level 6. HP: 15/47 MP: 0/13
  2236 | D:3      | Upgraded the game from 0.24.0-35-gdb84b6a5db to
                  | 0.24.0-37-gcf1ca852f1
  2255 | D:3      | Learned a level 3 spell: Ignite Poison
  2321 | D:3      | Reached * piety under Fedhas
  2432 | D:3      | Found a white marble altar of Elyvilon.
  2989 | D:3      | Found a radiant altar of Vehumet.
  3332 | D:4      | Noticed Ijyb
  3345 | D:4      | Killed Ijyb
  3531 | D:4      | Noticed Robin
  3532 | D:4      | Noticed Grinder
  3539 | D:4      | Paralysed by Grinder for 2 turns
  3547 | D:4      | Killed Robin
  3561 | D:4      | Killed Grinder
  3561 | D:4      | Reached XP level 7. HP: 28/52 MP: 0/15
  3838 | D:4      | Reached ** piety under Fedhas
  4066 | D:4      | Found a shimmering altar of Xom.
  4337 | D:5      | Entered Level 5 of the Dungeon
  4739 | D:5      | Found a staircase to the Ecumenical Temple.
  4855 | D:5      | Found a runed translucent door.
  4856 | D:5      | Noticed Crazy Yiuf
  5069 | D:5      | Reached XP level 8. HP: 60/60 MP: 11/16
  5082 | D:5      | Noticed a hornet
  5092 | D:5      | Paralysed by a hornet for 1 turns
  5093 | D:5      | Killed a hornet
  5093 | D:5      | Reached skill level 6 in Poison Magic
  5348 | D:5      | Killed Crazy Yiuf
  5631 | D:6      | Slain by a water moccasin skeleton

Levels and vault maps discovered:
D:1:      minmay_arrival_jagged, layout_loops_corners, corner_web_ring
D:2:      layout_rooms, fedhas_altar_fruit_tree, st_stairs_3, uniq_terence,
          uniq_natasha
D:3:      layout_basic, lemuel_crystal_altar, vehumet_crystals
D:4:      layout_basic, first_ration, dk_xom_monty_hall, uniq_grinder,
          uniq_ijyb, uniq_robin
D:5:      layout_basic, minmay_temple_entry_arrows, uniq_crazy_yiuf_cottage
D:6:      layout_basic, grunt_gozag_statues, minmay_misc_feat_doors,
          uniq_eustachio

Skill      XL: |  1  2  3  4  5  6  7  8 |
---------------+-------------------------+-----
Spellcasting   | 5 |  5.9
Invocations    | 1 2 3 |  3.4
Short Blades   | 1 2 3 |  3.1
Long Blades    | 1 2 3 |  3.1
Axes           | 1 2 3 |  3.1
Maces & Flails | 1 2 3 |  3.1
Polearms       | 1 2 3 |  3.1
Staves         | 1 2 3 |  3.1
Slings         | 1 2 3 |  3.1
Bows           | 1 2 3 |  3.1
Crossbows      | 1 2 3 |  3.1
Throwing       | 1 2 3 |  3.1
Armour         | 1 2 3 |  3.1
Unarmed Combat | 1 2 3 |  3.1
Conjurations   | 1 2 |  2.5
Hexes          | 1 2 |  2.5
Charms         | 1 2 |  2.5
Summonings     | 1 2 |  2.5
Necromancy     | 1 2 |  2.5
Translocations | 1 2 |  2.5
Transmutations | 1 2 |  2.5
Fire Magic     | 1 2 |  2.5
Ice Magic      | 1 2 |  2.5
Air Magic      | 1 2 |  2.5
Earth Magic    | 1 2 |  2.5
Fighting       | 3 4 |  4.1
Dodging        | 3 4 |  4.1
Shields        | 3 4 |  4.1
Evocations     | 3 4 |  4.1
Stealth        | 3 |  3.9
Poison Magic   | 6 |  6.0

Action                   |  1- 3 |  4- 6 |  7- 9 || total
-------------------------+-------+-------+-------++-------
Melee: Dagger            |     6 |    43 |       ||    49
       Bite              |       |     6 |     6 ||    12
       Staff             |       |     1 |    35 ||    36
       Punch             |       |       |     2 ||     2
Throw: Boomerang         |       |       |     2 ||     2
 Cast: Sting             |    36 |   169 |    58 ||   263
       Ignite Poison     |       |    12 |    16 ||    28
Evoke: Wand              |       |     5 |     7 ||    12
  Use: Scroll            |     1 |     5 |     4 ||    10
       Potion            |       |       |     2 ||     2
 Stab: Sleeping          |     1 |     2 |     1 ||     4
  Eat: Chunk             |       |     5 |     7 ||    12
       Ration            |       |     1 |       ||     1
Armor: Robe              |       |    11 |    14 ||    25
Dodge: Dodged            |     3 |    57 |    48 ||   108
